[Event "Reykjavik Open 2025"]
[Site "Reykjavik"]
[Date "2025.04.14"]
[Round "8.32"]
[White "Kavutskiy, Kostya"]
[Black "Sokolovsky, Yahli"]
[Result "1/2-1/2"]
[Annotator "TA"]
[ECO "B94"]
[WhiteElo "2351"]
[BlackElo "2546"]
[PlyCount "65"]
[EventDate "2025.04.09"]
[EventType "swiss"]
[EventCountry "ISL"]
[SourceTitle "playchess.com"]
[Source "ChessBase"]
[SourceQuality "1"]
[TimeControl "40/5400+30:1800+30"]

1. e4 c5 2. Nf3 d6 3. d4 cxd4 4. Nxd4 Nf6 5. Nc3 a6 6. Bg5 Nbd7 7. Bc4 Qb6 {[%emt 0:00:12] B94: Sicilian Najdorf: 6 Bg5 Nbd7.} 8. Bb3 e6 9. f3 Be7 {[%emt 0:00:50] The position is equal.} 10. Be3 Nc5 11. g4 Qc7 12. Qd2 b5 13. a3 {[%emt 0:02:35] is now debated instead of 13.g5.} Bd7 14. Ba2 Rb8 (14... O-O $11) 15. b4 $14 Nb7 $146 (15... Na4 16. Nxa4 bxa4 17. O-O O-O 18. c4 Rfc8 19. g5 Nh5 20. Ne2 Bc6 21. Rad1 Rd8 {0-1 Plenca,J (2445)-Novosel,L (2336) CRO-chT1A 32nd 2024 (7.5)}) 16. g5 Nh5 17. Nce2 a5 ({Black should play} 17... d5 $14) 18. Ng3 $16 Nxg3 19. hxg3 d5 20. exd5 Qxg3+ 21. Ke2 {[%emt 0:06:40][%cal Be1e2,Be2e3,Be3d2][%mdl 32] [#] Strongly threatening Rag1.} exd5 (21... Qg2+ $16 22. Kd3 Qxd2+ 23. Bxd2 O-O 24. dxe6 (24. bxa5 Ra8 $16) 24... Bxe6) 22. Bf4 {[%emt 0:02:31] Active counter play!} (22. bxa5 O-O 23. Rag1 Qd6 $11) (22. Bxd5 Nd6 $16) (22. Rae1 $18) 22... Qg2+ $14 23. Ke3 {[%emt 0:02:02] Chess con chili.} Qxd2+ 24. Kxd2 Bd6 {[%emt 0:05:34] White has strong rooks and is better} 25. Rae1+ (25. Bxd6 {simplifies} Nxd6 26. Rae1+ Kf8 27. Re5) 25... Kd8 (25... Kf8 $14 26. Bxd6+ Nxd6) 26. Bxd6 Nxd6 27. Bxd5 Rc8 28. c3 Rc7 (28... a4 $1 $11 {remains equal.}) 29. Rh4 ({Much less strong is} 29. bxa5 Rc5 30. Bb3 Rxg5 $14) 29... Ra7 30. Reh1 Re8 {[%emt 0:01:11] Counterplay White} 31. Re1 {[%emt 0:00:53] Inhibits Re5.} Rh8 $1 32. Reh1 Re8 $1 33. Re1 {[%emt 0:05:55] Weighted Error Value: White=0.22 (precise) /Black=0.17 (very precise)   Mistake:       	White=2     	Black=5      Inaccurate:     	White=4     	Black=1      OK:         	White=13    	Black=9      Best:        	---       	Black=2      Strong:       	---       	Black=2} ({White should play} 33. Bb3 $16) 1/2-1/2

[Event "Reykjavik Open 2025"]
[Site "Reykjavik"]
[Date "2025.04.14"]
[Round "8.33"]
[White "Kunin, Vitaly"]
[Black "Petersen, Marcel"]
[Result "1/2-1/2"]
[Annotator "TA"]
[ECO "A20"]
[WhiteElo "2522"]
[BlackElo "2185"]
[PlyCount "125"]
[EventDate "2025.04.09"]
[EventType "swiss"]
[EventCountry "ISL"]
[SourceTitle "playchess.com"]
[Source "ChessBase"]
[SourceQuality "1"]
[TimeControl "40/5400+30:1800+30"]

1. g3 e5 2. c4 Nf6 3. Bg2 c6 4. d4 exd4 5. Qxd4 d5 6. cxd5 cxd5 7. Nf3 Nc6 8. Qa4 Bc5 {[%emt 0:03:33] A20: English Opening: 1...e5.} 9. O-O Qb6 10. Ne5 O-O {[%emt 0:02:21] A sharp opening} 11. Nd3 Be7 (11... Bg4 $11 12. Nxc5 Qxc5) 12. Bg5 $146 (12. Nc3 Be6 13. Qb5 Qxb5 14. Nxb5 Rac8 15. Be3 a6 16. Nd4 Nxd4 17. Bxd4 Rc4 18. e3 {½-½ Dixon,R (1971)-Cranmer,S (2126) BCCA/P/CaA email 2015}) 12... Bf5 13. Nc3 Bxd3 14. exd3 Qxb2 15. Rfc1 (15. Nxd5 $2 Nxd5 16. Bxe7 Ncxe7 $19 (16... Ndxe7 $2 17. Rab1 $19)) 15... Qb4 16. Rab1 $1 Qxa4 17. Nxa4 Na5 18. Bxf6 Bxf6 19. Bxd5 {[%emt 0:00:09] Black is weak on the light squares} Rac8 20. Rxc8 (20. Bxb7 $2 {loses.} Rxc1+ 21. Rxc1 Nxb7 $19) 20... Rxc8 21. Bxb7 Nxb7 22. Rxb7 {[%emt 0:00:12][%mdl 4096] Endgame KRB-KRN. White is a pawn up.} g6 23. Rxa7 Rc2 24. Rd7 $1 {[%emt 0:01:15] Prevents Bd4.} Rxa2 25. Nb6 Kf8 26. Nc4 h5 27. h3 Rc2 28. Kg2 Ke8 29. Rc7 {[%emt 0:02:12] [#]} Kf8 30. Rd7 Ke8 $1 31. Rb7 Kf8 32. Ne3 Rd2 33. Rd7 Ke8 34. Rd5 Ke7 35. Nc4 Rc2 36. Kf3 Ke6 37. Rd6+ Ke7 38. Rd5 Ke6 39. Rd6+ Ke7 40. Ra6 Bd4 41. Ne3 Rd2 42. Ke4 Bxe3 43. Kxe3 $16 {[%emt 0:05:45] KR-KR. White is a pawn up.} Rb2 44. h4 Rc2 45. Rb6 Ra2 46. Rb3 Ke6 47. Rb4 Rc2 48. Re4+ Kd6 49. Rc4 Ra2 50. Rc1 Rb2 51. Rd1 Kd5 52. Rd2 Rb7 53. Ra2 Re7+ $2 (53... Rb5 $16) 54. Kf4 $18 Kd4 {[%emt 0:07:48] [#]} 55. Kg5 $2 (55. Ra6 $1 $18 ) 55... Re5+ $1 $11 {[%emt 0:01:11] The position is equal.} 56. Kh6 Rf5 57. Kg7 {[%emt 0:00:00] Ra7 would now be deadly.} Kxd3 58. Ra7 Ke2 59. Rxf7 Kxf2 {[%emt 0:00:00] ( -> ...Rxf7+)} 60. Rxf5+ gxf5 61. Kg6 Kxg3 {[%emt 0:00:00] ( -> ...f4)} 62. Kxf5 {[%emt 0:00:00] White wants to mate with Kg5.} Kxh4 {[%emt 0:00:00] ( -> ...Kg3)} 63. Kf4 {[%emt 0:00:00] Weighted Error Value: White=0.11 (very precise) /Black=0.12 (very precise)   Loses game:     	---       	Black=1      Missed win:     	White=1     	---        Mistake:       	---       	Black=1      Inaccurate:     	White=3     	Black=2      OK:         	White=18    	Black=16     Best:        	White=5     	Black=8      Strong:       	White=2     	Black=2} 1/2-1/2

[Event "Reykjavik Open 2025"]
[Site "Reykjavik"]
[Date "2025.04.14"]
[Round "8.34"]
[White "Wedin, Svante"]
[Black "Saine, Zachary"]
[Result "0-1"]
[Annotator "NA RC"]
[ECO "C52"]
[WhiteElo "1902"]
[BlackElo "2019"]
[PlyCount "62"]
[EventDate "2025.04.09"]
[EventType "swiss"]
[EventCountry "ISL"]
[SourceTitle "playchess.com"]
[Source "ChessBase"]
[SourceQuality "1"]
[TimeControl "40/5400+30:1800+30"]

1. e4 e5 2. Nf3 Nc6 3. Bc4 Bc5 4. b4 Bxb4 5. c3 Ba5 6. d4 d6 7. dxe5 dxe5 8. Qb3 Qe7 9. O-O Bd7 10. Rd1 O-O-O 11. Bxf7 Bg4 12. Rxd8+ Qxd8 13. Nbd2 Nge7 14. Bb2 Bb6 15. h3 Bd7 16. Nc4 Ng6 17. Rd1 Qf6 18. Bc1 Rf8 19. Nxb6+ axb6 20. Bxg6 Qxg6 21. Ng5 h6 22. Qd5 Qe8 23. Ba3 Rf6 24. Nh7 Rf7 25. Nf8 Rxf8 26. Bxf8 Be6 27. Qb5 Qxf8 28. Qa4 Kb8 29. Rd3 Qc5 30. Rf3 b5 31. Qc2 Nd4 0-1

[Event "Reykjavik Open 2025"]
[Site "Reykjavik"]
[Date "2025.04.14"]
[Round "8.35"]
[White "Kadovic, Tamara"]
[Black "De Winter, Eric"]
[Result "1/2-1/2"]
[Annotator "NA RC"]
[ECO "B08"]
[WhiteElo "1612"]
[BlackElo "1771"]
[PlyCount "52"]
[EventDate "2025.04.09"]
[EventType "swiss"]
[EventCountry "ISL"]
[SourceTitle "playchess.com"]
[Source "ChessBase"]
[SourceQuality "1"]
[TimeControl "40/5400+30:1800+30"]

1. e4 d6 2. d4 g6 3. Nf3 Bg7 4. Nc3 Nf6 5. Bd3 Bg4 6. h3 Bxf3 7. Qxf3 Nc6 8. Be3 Nd7 9. Ne2 Nb4 10. Bc4 O-O 11. Bb3 c5 12. O-O-O cxd4 13. Bxd4 Ne5 14. Qg3 Nbc6 15. Bc3 Qc7 16. f4 Nd7 17. Bxg7 Kxg7 18. f5 Nce5 19. fxg6 hxg6 20. h4 Nc5 21. Rd4 Nxb3+ 22. Qxb3 Rh8 23. Nf4 Rac8 24. h5 Qc5 25. Rd2 Qc4 26. Qxc4 Rxc4 1/2-1/2

[Event "Reykjavik Open 2025"]
[Site "Reykjavik"]
[Date "2025.04.14"]
[Round "8.36"]
[White "Joel Paul Ganta"]
[Black "Lu, Miaoyi"]
[Result "0-1"]
[Annotator "RC"]
[ECO "E20"]
[WhiteElo "2170"]
[BlackElo "2429"]
[PlyCount "54"]
[EventDate "2025.04.09"]
[EventType "swiss"]
[EventCountry "ISL"]
[SourceTitle "playchess.com"]
[Source "ChessBase"]
[SourceQuality "1"]
[TimeControl "40/5400+30:1800+30"]

1. d4 Nf6 2. c4 e6 3. Nf3 d5 4. Nc3 Bb4 5. g3 O-O 6. Bg2 dxc4 7. O-O Nc6 8. Re1 Rb8 9. e4 b5 10. a3 Be7 11. d5 exd5 12. exd5 Na5 13. Nd4 Bc5 14. Ncxb5 a6 15. Bd2 Bg4 16. f3 axb5 17. Bxa5 Qxd5 18. Bc3 Bh5 19. Kh1 Rbd8 20. Nc2 Qf5 21. Nd4 Bxd4 22. Bxd4 c5 23. g4 Nxg4 24. fxg4 Bxg4 25. Be4 Bxd1 26. Bxf5 Bf3+ 27. Kg1 Rxd4 0-1

[Event "Reykjavik Open 2025"]
[Site "Reykjavik"]
[Date "2025.04.14"]
[Round "8.37"]
[White "Niermann, Tristan"]
[Black "Villiers, Thomas"]
[Result "1-0"]
[Annotator "RC"]
[ECO "D45"]
[WhiteElo "2427"]
[BlackElo "2154"]
[PlyCount "107"]
[EventDate "2025.04.09"]
[EventType "swiss"]
[EventCountry "ISL"]
[SourceTitle "playchess.com"]
[Source "ChessBase"]
[SourceQuality "1"]
[TimeControl "40/5400+30:1800+30"]

1. d4 d5 2. c4 c6 3. Nc3 Nf6 4. e3 e6 5. Nf3 Nbd7 6. Be2 Bd6 7. O-O O-O 8. b3 b6 9. Bb2 Bb7 10. Bd3 Re8 11. Re1 e5 12. dxe5 Nxe5 13. cxd5 Nxd3 14. Qxd3 cxd5 15. Rac1 a6 16. Ne2 Qe7 17. Ng3 Bb4 18. Red1 Rac8 19. Ng5 Ne4 20. N5xe4 dxe4 21. Qd4 f6 22. Qxb6 Rxc1 23. Rxc1 Rc8 24. Rxc8+ Bxc8 25. Qb8 Qb7 26. Qf4 Qd5 27. Qxe4 Qxe4 28. Nxe4 Bf5 29. f3 Kf7 30. Kf2 Ke6 31. Ke2 Bg6 32. a3 Be7 33. Nc3 Bd6 34. g3 Bc2 35. b4 Be5 36. e4 g5 37. Kd2 Bb3 38. Ke3 f5 39. f4 gxf4+ 40. gxf4 Bxc3 41. exf5+ Kxf5 42. Bxc3 Kg4 43. Be5 Bc2 44. Kd4 Kh3 45. Kc5 Bf5 46. Kb6 Kxh2 47. Kxa6 Kg3 48. b5 h5 49. Bf6 Kxf4 50. b6 Be4 51. b7 Bxb7+ 52. Kxb7 Ke4 53. a4 Kd5 54. a5 1-0

[Event "Reykjavik Open 2025"]
[Site "Reykjavik"]
[Date "2025.04.14"]
[Round "8.38"]
[White "Yankelevich, Lev"]
[Black "Ptacnikova, Lenka"]
[Result "1-0"]
[Annotator "RC"]
[ECO "D40"]
[WhiteElo "2413"]
[BlackElo "2142"]
[PlyCount "93"]
[EventDate "2025.04.09"]
[EventType "swiss"]
[EventCountry "ISL"]
[SourceTitle "playchess.com"]
[Source "ChessBase"]
[SourceQuality "1"]
[TimeControl "40/5400+30:1800+30"]

1. d4 Nf6 2. c4 e6 3. Nf3 d5 4. Nc3 c5 5. e3 a6 6. dxc5 Bxc5 7. a3 dxc4 8. Qxd8+ Kxd8 9. Bxc4 b5 10. Be2 Bb7 11. Ne5 Ke7 12. f3 Nbd7 13. Nd3 Bd6 14. e4 Nc5 15. Be3 Nxd3+ 16. Bxd3 Nd7 17. f4 Bc5 18. Ke2 Bxe3 19. Kxe3 Nb6 20. b3 Rac8 21. Rhc1 h6 22. g3 Rhd8 23. Ne2 Nd7 24. h4 Nc5 25. Bc2 Nd7 26. b4 Nb6 27. Bd3 Na4 28. Nd4 Rxc1 29. Rxc1 Rc8 30. Rxc8 Bxc8 31. Nb3 Kd6 32. Kd4 f6 33. e5+ fxe5+ 34. fxe5+ Kc7 35. Nd2 Bb7 36. Be4 Bxe4 37. Nxe4 Kc6 38. Nd6 Kd7 39. h5 Nb2 40. Nb7 Nc4 41. Nc5+ Ke7 42. a4 Nd2 43. a5 Nf3+ 44. Ke4 Ng5+ 45. Kf4 Nf7 46. Nxa6 Nd8 47. Nb8 1-0

[Event "Reykjavik Open 2025"]
[Site "Reykjavik"]
[Date "2025.04.14"]
[Round "8.39"]
[White "Thorhallsson, Throstur"]
[Black "Arruebarrena Rodriguez, Rafael"]
[Result "1-0"]
[Annotator "RC"]
[ECO "B47"]
[WhiteElo "2394"]
[BlackElo "2129"]
[PlyCount "135"]
[EventDate "2025.04.09"]
[EventType "swiss"]
[EventCountry "ISL"]
[SourceTitle "playchess.com"]
[Source "ChessBase"]
[SourceQuality "1"]
[TimeControl "40/5400+30:1800+30"]

1. e4 c5 2. Nf3 e6 3. d4 cxd4 4. Nxd4 Nc6 5. Nc3 Qc7 6. Nb3 Nf6 7. Bd3 Be7 8. f4 d6 9. Qf3 O-O 10. O-O a5 11. Nb5 Qb8 12. a3 a4 13. N3d4 e5 14. Nf5 Bxf5 15. exf5 d5 16. fxe5 Nxe5 17. Qg3 Bc5+ 18. Kh1 Nxd3 19. Qxd3 Qe5 20. Bf4 Qe4 21. Rae1 Qxd3 22. cxd3 Ra5 23. Nc3 Bd4 24. Bd6 Rc8 25. Bb4 Raa8 26. Re7 Ng4 27. Re2 Re8 28. h3 Nf6 29. Rfe1 Rxe2 30. Rxe2 Rd8 31. Nxa4 h5 32. Bc5 Bxc5 33. Nxc5 b6 34. Nb3 Rc8 35. g3 Rc7 36. Kg2 g6 37. Kf3 g5 38. h4 gxh4 39. gxh4 Kg7 40. Kf4 Ng4 41. Kg5 Nf6 42. Nd4 Rc1 43. Re7 Rg1+ 44. Kf4 Rd1 45. Ne6+ Kg8 46. Ng5 Rf1+ 47. Ke5 Ng4+ 48. Kxd5 Rxf5+ 49. Kc6 Rf6+ 50. Kb5 Rd6 51. b4 Rxd3 52. a4 Ne3 53. Nxf7 Nd5 54. Nh6+ Kf8 55. Ra7 Rf3 56. Kc4 Ne7 57. Ra8+ Kg7 58. Ra7 Kf8 59. b5 Rf4+ 60. Kd3 Rf6 61. Ra8+ Kg7 62. Ra7 Kf8 63. Rxe7 Rxh6 64. Re5 Rg6 65. Kd4 Kf7 66. Kd5 Rg4 67. Rxh5 Rxa4 68. Kc6 1-0

[Event "Reykjavik Open 2025"]
[Site "Reykjavik"]
[Date "2025.04.14"]
[Round "8.40"]
[White "Willems, Niels"]
[Black "Elier, Ali"]
[Result "1-0"]
[Annotator "RC"]
[ECO "A17"]
[WhiteElo "2394"]
[BlackElo "2125"]
[PlyCount "65"]
[EventDate "2025.04.09"]
[EventType "swiss"]
[EventCountry "ISL"]
[SourceTitle "playchess.com"]
[Source "ChessBase"]
[SourceQuality "1"]
[TimeControl "40/5400+30:1800+30"]

1. c4 e6 2. Nc3 Nf6 3. Nf3 d5 4. e3 Be7 5. b3 c5 6. cxd5 exd5 7. d4 cxd4 8. Nxd4 Nc6 9. Bb2 Qb6 10. Nxc6 bxc6 11. Be2 O-O 12. O-O Bb7 13. Rc1 Rac8 14. Na4 Qa5 15. Bc3 Qc7 16. Bd4 Bd6 17. g3 Qe7 18. Nc5 Ne4 19. Nxe4 dxe4 20. Bc4 c5 21. Bc3 Be5 22. Qc2 Rfd8 23. Rfd1 Rxd1+ 24. Rxd1 Bxc3 25. Qxc3 Rd8 26. Rxd8+ Qxd8 27. Qe5 g6 28. Kg2 Qd7 29. Qxc5 Qg4 30. Qxa7 Qf3+ 31. Kg1 Bd5 32. Qb8+ Kg7 33. Qe5+ 1-0

[Event "Reykjavik Open 2025"]
[Site "Reykjavik"]
[Date "2025.04.14"]
[Round "8.41"]
[White "Heimisson, Hilmir Freyr"]
[Black "Le Pen, Steven"]
[Result "1-0"]
[Annotator "RC"]
[ECO "E51"]
[WhiteElo "2376"]
[BlackElo "2125"]
[PlyCount "127"]
[EventDate "2025.04.09"]
[EventType "swiss"]
[EventCountry "ISL"]
[SourceTitle "playchess.com"]
[Source "ChessBase"]
[SourceQuality "1"]
[TimeControl "40/5400+30:1800+30"]

1. d4 Nf6 2. c4 e6 3. Nc3 Bb4 4. Bd2 O-O 5. Nf3 d5 6. e3 b6 7. cxd5 exd5 8. Rc1 c5 9. a3 Bxc3 10. Bxc3 c4 11. a4 a6 12. Be2 Nc6 13. Ne5 Bb7 14. Bf3 Qd6 15. O-O b5 16. Nxc6 Bxc6 17. Qd2 Qe6 18. axb5 axb5 19. Bb4 Rfb8 20. Ra1 Ne4 21. Bxe4 dxe4 22. Bc5 Bd5 23. Qb4 Qc6 24. h3 Ra6 25. Rxa6 Qxa6 26. Bd6 Ra8 27. Qc5 Qc6 28. Rd1 Rd8 29. Bc7 Rd7 30. Qxc6 Bxc6 31. Bb6 f5 32. Bc5 Kf7 33. Ra1 Ke6 34. Ra6 Kd5 35. f3 Rc7 36. Kf2 Ke6 37. Kg3 g5 38. fxe4 fxe4 39. Kg4 Kd5 40. Rb6 Rf7 41. Kxg5 Rg7+ 42. Kf6 Rxg2 43. Rb8 Rg6+ 44. Ke7 Rg7+ 45. Kf6 Rg6+ 46. Ke7 Rg7+ 47. Kf8 Rd7 48. Re8 c3 49. bxc3 Kc4 50. Bb4 Kd3 51. Rc8 Bd5 52. Ke8 Rg7 53. Bf8 Rg6 54. Rc5 Bc4 55. Re5 Kxe3 56. d5 Kf4 57. d6 Be6 58. Rxe6 Rxe6+ 59. Kf7 Re5 60. d7 Rd5 61. Ke6 Rxd7 62. Kxd7 Kg3 63. Bh6 Kxh3 64. Kc6 1-0

[Event "Reykjavik Open 2025"]
[Site "Reykjavik"]
[Date "2025.04.14"]
[Round "8.42"]
[White "Pattnayak Nilsu"]
[Black "Akesson, Ralf"]
[Result "1-0"]
[Annotator "RC"]
[ECO "B41"]
[WhiteElo "2146"]
[BlackElo "2361"]
[PlyCount "53"]
[EventDate "2025.04.09"]
[EventType "swiss"]
[EventCountry "ISL"]
[SourceTitle "playchess.com"]
[Source "ChessBase"]
[SourceQuality "1"]
[TimeControl "40/5400+30:1800+30"]

1. e4 c5 2. Nf3 e6 3. c4 Nc6 4. Nc3 Nf6 5. d4 cxd4 6. Nxd4 Qc7 7. Be2 a6 8. O-O Bc5 9. Be3 d6 10. a3 e5 11. Nxc6 Bxe3 12. Nxe5 Bxf2+ 13. Rxf2 dxe5 14. Qa4+ Bd7 15. Qb4 a5 16. Nb5 Qc6 17. Nd6+ Kf8 18. Qd2 Be6 19. Rf3 Rd8 20. Rd1 Nxe4 21. Qxa5 Rxd6 22. Qxe5 Rxd1+ 23. Bxd1 Qb6+ 24. Kh1 Nf2+ 25. Rxf2 Qxf2 26. Qd6+ Ke8 27. Ba4+ 1-0

[Event "Reykjavik Open 2025"]
[Site "Reykjavik"]
[Date "2025.04.14"]
[Round "8.43"]
[White "Zhou, Guijue"]
[Black "Lohia, Sohum"]
[Result "0-1"]
[Annotator "RC"]
[ECO "C58"]
[WhiteElo "2127"]
[BlackElo "2354"]
[PlyCount "110"]
[EventDate "2025.04.09"]
[EventType "swiss"]
[EventCountry "ISL"]
[SourceTitle "playchess.com"]
[Source "ChessBase"]
[SourceQuality "1"]
[TimeControl "40/5400+30:1800+30"]

1. e4 e5 2. Nf3 Nc6 3. Bc4 Nf6 4. Ng5 d5 5. exd5 Na5 6. Bb5+ Bd7 7. Qe2 Be7 8. Nf3 Nxd5 9. Bxd7+ Qxd7 10. Nxe5 Qf5 11. d4 O-O-O 12. c3 Rhe8 13. O-O Bd6 14. Qf3 Qxf3 15. Nxf3 Re2 16. g3 Rde8 17. Nbd2 f5 18. b4 Nc6 19. Bb2 g5 20. Rfd1 g4 21. Ne1 Ncxb4 22. c4 Nf6 23. Bc3 Nxa2 24. Rxa2 Rxe1+ 25. Rxe1 Rxe1+ 26. Nf1 Rd1 27. Kg2 Ne4 28. Ba1 a6 29. Ne3 Rb1 30. Nxf5 Ng5 31. Nh6 b5 32. c5 Bf8 33. Nxg4 Kb7 34. Ne5 Bg7 35. f4 Ne4 36. c6+ Kb6 37. d5 Bxe5 38. fxe5 b4 39. Bd4+ Kb5 40. Kf3 Re1 41. Re2 Ng5+ 42. Kf2 Rd1 43. Ke3 Kc4 44. d6 Rd3+ 45. Kf2 Kxd4 46. dxc7 Rf3+ 47. Kg2 Rf8 48. Rd2+ Ke3 49. Ra2 Rc8 50. Rxa6 Kd4 51. h4 Ne6 52. Kf3 Rxc7 53. Rb6 Kc5 54. Rb7 Rxc6 55. Ke4 Rb6 0-1

[Event "Reykjavik Open 2025"]
[Site "Reykjavik"]
[Date "2025.04.14"]
[Round "8.44"]
[White "Burgalat, Eliot"]
[Black "Dushyant Sharma"]
[Result "0-1"]
[Annotator "RC"]
[ECO "D31"]
[WhiteElo "2119"]
[BlackElo "2313"]
[PlyCount "60"]
[EventDate "2025.04.09"]
[EventType "swiss"]
[EventCountry "ISL"]
[SourceTitle "playchess.com"]
[Source "ChessBase"]
[SourceQuality "1"]
[TimeControl "40/5400+30:1800+30"]

1. d4 d5 2. c4 e6 3. Nc3 a6 4. Nf3 dxc4 5. a4 Bb4 6. e3 Qd5 7. Bd2 Bxc3 8. Bxc3 b5 9. axb5 axb5 10. Rxa8 Qxa8 11. b3 Qa3 12. d5 Nf6 13. Bxf6 gxf6 14. bxc4 b4 15. Bd3 Na6 16. O-O e5 17. Nh4 b3 18. Bf5 Bxf5 19. Nxf5 b2 20. d6 Kd7 21. Qd5 cxd6 22. Qxf7+ Kc6 23. Qd5+ Kc7 24. Rd1 Rd8 25. Ng7 Nc5 26. Nf5 Qb3 27. Rb1 Qc2 28. Qd1 Qxd1+ 29. Rxd1 Ra8 30. Nxd6 Ra1 0-1

[Event "Reykjavik Open 2025"]
[Site "Reykjavik"]
[Date "2025.04.15"]
[Round "9.1"]
[White "Gupta, Abhijeet"]
[Black "Maghsoodloo, Parham"]
[Result "1/2-1/2"]
[Annotator "TA"]
[ECO "D37"]
[WhiteElo "2576"]
[BlackElo "2684"]
[PlyCount "38"]
[EventDate "2025.04.09"]
[EventType "swiss"]
[EventCountry "ISL"]
[SourceTitle "playchess.com"]
[Source "ChessBase"]
[SourceQuality "1"]
[TimeControl "40/5400+30:1800+30"]

1. d4 Nf6 2. c4 e6 3. Nf3 d5 4. Nc3 Nbd7 5. Qc2 dxc4 6. e4 {[%emt 0:02:01][%cal Be2e4,Be4e5][%mdl 32] D37: Queen's Gambit Declined: 5 Bf4.} Nb6 7. Be3 {[%emt 0:00:25][%mdl 1024] White has compensation.} Bd7 8. Be2 {[%emt 0:05:34] White is slightly better.} Ng4 $146 (8... Bb4 9. Ne5 Qe7 10. a4 a5 11. O-O O-O 12. Bg5 Qd6 13. Rfd1 Bxc3 14. bxc3 Bxa4 15. Rxa4 Nxa4 16. Bxf6 gxf6 {½-½ Wilhelmi,D (2454)-Rakhorst,W (2492) ICCF GMN/032 email 2011}) 9. Bf4 Bd6 10. e5 Be7 {[%emt 0:00:48] The position is equal.} 11. Nd2 h5 12. h3 (12. Bxc4 Bc6 13. Qd3 g5 $17 (13... Bxg2 14. Rg1 $17)) 12... Nh6 13. Nxc4 (13. Bxh5 $2 Nf5 14. Bf3 Nxd4 $19) 13... Bc6 14. O-O-O (14. Rd1 $5) 14... Nd5 {[%emt 0:02:51] Wards off Ne3} 15. Nxd5 (15. Bxh6 {simplifies} Nxc3 16. Qxc3 Rxh6 17. Ne3) 15... Qxd5 16. Bf3 Qb5 17. Be2 ({Reject} 17. Bxh5 Bxg2 (17... Nf5 18. Be2 $16) 18. Rhg1 Qc6 $15) 17... Qd5 18. Bf3 Qb5 19. Be2 Qd5 {[%emt 0:00:19] Prevents Nd6+.   Weighted Error Value: White=0.07 (flawless) /Black=0.05 (flawless)   Inaccurate:     	White=1     	---        OK:         	White=2     	Black=9} 1/2-1/2

[Event "Reykjavik Open 2025"]
[Site "Reykjavik"]
[Date "2025.04.15"]
[Round "9.2"]
[White "Amar, Elham"]
[Black "Lu, Shanglei"]
[Result "1/2-1/2"]
[Annotator "TA"]
[ECO "B86"]
[WhiteElo "2546"]
[BlackElo "2618"]
[PlyCount "88"]
[EventDate "2025.04.09"]
[EventType "swiss"]
[EventCountry "ISL"]
[SourceTitle "playchess.com"]
[Source "ChessBase"]
[SourceQuality "1"]
[TimeControl "40/5400+30:1800+30"]

1. e4 c5 2. Nf3 d6 3. d4 cxd4 4. Nxd4 Nf6 5. Nc3 a6 6. Bc4 e6 7. Be3 Be7 8. a3 {[%emt 0:00:57] B86: Sicilian Scheveningen/Najdorf: 6 Bc4, without early ...b5.} O-O 9. f3 b5 10. Bb3 Bb7 11. h4 Nbd7 12. Qd2 Ne5 13. O-O-O Rc8 14. g4 Nc4 $146 (14... d5 15. h5 dxe4 16. g5 Nd5 17. Nxd5 Bxd5 18. g6 Bxb3 19. h6 fxg6 20. hxg7 Rxf3 {1-0 Tasev,D (2188)-Vivas Zamora,F (2336) Titled Tuesday intern op 25th Oct Early blitz 2022 (10)}) 15. Bxc4 Rxc4 16. h5 h6 (16... Nd7 $11) 17. g5 $16 hxg5 18. h6 {[%emt 0:00:30] Hoping for hxg7.} (18. Bxg5 {simplifies} d5 19. e5 Nd7 20. Bxe7 Qxe7 21. f4) 18... g6 {[%emt 0:00:47][%csl Oh6] White has a strong passed pawn} 19. h7+ $1 Kh8 $1 (19... Nxh7 20. Qh2 Kg7 21. Qxh7+ Kf6 22. Bxg5+ Kxg5 23. Qh4#) 20. Bxg5 Rc5 (20... Re8 $11) 21. Bh6 $1 $36 {[%emt 0:09:33][%mdl 2048] Black is under strong pressure. White is more active.} Re8 22. Nde2 {[%emt 0:00:36] Some like it hot} (22. Nce2 $16) 22... Rh5 23. Nf4 Rxh1 24. Rxh1 Nd7 25. Nh3 $1 Kxh7 (25... Bf6 $11 {remains equal.}) 26. Nf4 Bh4 $2 {[%emt 0:00:40][%mdl 8192] [#]} (26... Bf6 $16 {is a better chance.}) 27. Nxe6 $1 Rxe6 $18 28. Bg5 Qf8 29. Rxh4+ Kg8 30. Bh6 Qd8 31. Bg5 Qf8 32. Qd4 f6 33. Be3 Ne5 34. Qd1 f5 35. f4 Qe7 {[%emt 0:02:43] [#]} 36. Rh1 (36. Qh1 $6 Nf7 $14) (36. Rh3 $1 $18 Nf7 37. Qg1 Bxe4 38. Nxe4 Rxe4 39. Qxg6+ Kf8 40. Qg1) 36... Nf7 $16 {[%emt 0:00:28] Black is weak on the dark squares} 37. Rg1 (37. Nd5 {is interesting.} Bxd5 38. Qxd5 Rxe4 39. Bd2) 37... Kf8 (37... Bxe4 $2 38. Nxe4 Kf8 39. Nc3 Rxe3 40. Nd5 $18 (40. Rxg6 $2 {too greedy.} Re1 $19)) 38. Nd5 (38. Rg3 $16) 38... Qh4 $1 $11 {[%emt 0:02:10] The position is equal.} (38... Bxd5 39. Qxd5 Qd7 (39... Rxe4 40. Bd2 $16) 40. Qa8+ (40. exf5 Rxe3 41. fxg6 Qe6 $14) 40... Qe8 41. Qxa6) 39. exf5 gxf5 {[%emt 0:00:02] and ...Bxd5 would now be decisive} 40. Bb6 Bxd5 41. Qxd5 Re1+ 42. Rxe1 Qxe1+ 43. Qd1 Qe4 44. Qd2 Qh1+ {[%emt 0:04:43] Black defended with fortune.   Weighted Error Value: White=0.31/Black=0.25 (precise)   Loses game:     	---       	Black=1      Mistake:       	White=4     	Black=3      OK:         	White=10    	Black=18     Best:        	White=2     	Black=3      Strong:       	White=3     	Black=2} 1/2-1/2

[Event "Reykjavik Open 2025"]
[Site "Reykjavik"]
[Date "2025.04.15"]
[Round "9.3"]
[White "Ivanchuk, Vasyl"]
[Black "Cornette, Matthieu"]
[Result "1/2-1/2"]
[Annotator "TA"]
[ECO "C64"]
[WhiteElo "2604"]
[BlackElo "2528"]
[PlyCount "39"]
[EventDate "2025.04.09"]
[EventType "swiss"]
[EventCountry "ISL"]
[SourceTitle "playchess.com"]
[Source "ChessBase"]
[SourceQuality "1"]
[TimeControl "40/5400+30:1800+30"]

1. e4 e5 2. Nf3 Nc6 3. Bb5 a6 4. Ba4 Bc5 5. c3 Nge7 6. O-O Ba7 7. d4 Ng6 8. Be3 O-O {[%emt 0:01:01] White is slightly better.} 9. d5 Bxe3 10. fxe3 Na5 11. Nbd2 b6 12. Qe1 d6 13. h4 (13. b4 $14 Nb7 14. a3) 13... f6 14. Qg3 Nh8 15. Rf2 Nf7 16. Raf1 Nb7 17. h5 Nc5 {[%emt 0:02:37] Black is slightly better.} 18. Bc6 Ra7 19. b4 Nd3 20. Re2 {[%emt 0:01:20] Weighted Error Value: White=0.15 (very precise) /Black=0.07 (flawless) .  Mistake:       	White=1     	---        Inaccurate:     	White=2     	Black=2      OK:         	White=2     	Black=7      Best:        	White=1     	---} 1/2-1/2